Map: Oblivion Express

Players

NamroodTuo

  • Race: Zerg Zerg

WingsSF

  • Race: Terran Terran
  • Spawn Location: 12:00

VOD

Have the link to the VOD?

Description

Time

  • Played on: Feb. 23, 2023, 10:46 a.m.
  • Length: 25:02
Show
View Real Time Build Order
Export as new Build Order

NamroodTuo Zerg 

Build Orders:  

Get SALT Encoding   

  12  0:03  Infested SCV  
  13  0:13  Infested SCV  
  13  0:18  Infested SCV  
  15  0:31  Overlord  
  15  0:46  Overlord  
  15  0:53  Overlord  
  15  1:05  Infested SCV  
  16  1:19  Infested Refinery  
  16  1:24  Infested SCV  
  16  1:26  Infested Refinery  
  17  1:36  Infested Barracks  
  17  1:40  Infested SCV  
  18  1:54  Infested SCV  
  19  2:14  Infested SCV  
  20  2:29  Infested SCV  
  21  2:39  Infested Factory  
  21  2:53  Infested SCV  
  22  3:01  Infested Engineering Bay  
  22  3:07  Infested Barracks Tech Lab  
  22  3:16  Infested SCV  
  22  3:19  Overlord  
  23  3:32  Infested SCV  
  23  3:38  Retinal Augmentation  
  24  3:48  Infested Factory Tech Lab  
  24  3:56  Infested Factory  
  24  4:09  Infested SCV, Infested Armory  
  25  5:00  Infested Command Center  
  25  5:10  Infested Factory Tech Lab  
  25  5:13  Infested Siege Tank x2  
  31  5:32  Infested Siege Tank  
  34  5:42  Infested Siege Tank  
  37  6:48  Infested SCV x3  
  40  7:21  Overlord  
  40  7:22  Overlord x4  
  40  7:23  Infested SCV x2  
  42  7:51  Infested SCV  
  42  7:54  Infested SCV  
  48  8:03  Infested Bunker  
  48  8:13  Infested Siege Tank x2  
  48  8:14  Infested Siege Tank  
  57  8:36  Infested Siege Tank  
  57  8:37  Infested Diamondback  
  63  9:22  Stukov Vehicle and Ship Weapons Level 1  
  63  9:24  Regenerative Plating  
  45  10:02  Infested Siege Tank x2  
  51  10:24  Calcified Armor  
  51  10:55  Infested Siege Tank x3  
  60  11:20  Infested Refinery  
  60  11:24  Stukov Infantry Armor Level 1  
  60  11:25  Infested SCV x3  
  60  11:26  Infested SCV x2  
  65  11:36  Automated Mitosis  
  65  11:59  Acidic Enzymes  
  65  12:02  Stukov Vehicle and Ship Armor Level 1  
  66  12:11  Infested Bunker  
  66  12:17  Infested Bunker  
  58  13:48  Infested SCV x4  
  58  13:49  Infested SCV, Infested Refinery  
  63  13:54  Overlord x2  
  63  13:55  Overlord x3  
  60  14:04  Stukov Infantry Weapons Level 1  
  60  14:11  Infested Siege Tank x3  
  60  14:12  Infested Siege Tank x5  
  83  16:21  Infested Siege Tank x4  
  83  16:22  Infested Siege Tank x4  
  83  16:23  Infested Siege Tank x2  
  117  16:40  Infested Bunker  
  117  19:04  Stukov Vehicle and Ship Weapons Level 2  
  117  19:06  Stukov Infantry Weapons Level 2  
  117  19:11  Saturated Cultures  
  117  19:13  Caustic Mucus  
  117  20:28  Infested Siege Tank x2  
  117  20:29  Infested Siege Tank x4  
  134  22:36  Overlord x5  
  134  22:42  Infested Siege Tank  
  134  22:43  Infested Siege Tank  
  134  22:49  Overlord x3  
  140  22:50  Overlord x2  
  140  23:14  Infested Siege Tank x3  
  140  23:15  Infested Siege Tank x2  
  140  23:16  Infested Siege Tank x2  
Show
View Real Time Build Order
Export as new Build Order

WingsSF Terran 

Build Orders:  

Get SALT Encoding   

  12  0:03  SCV  
  13  0:23  Supply Depot  
  13  0:42  Barracks  
  13  0:43  SCV  
  14  1:00  SCV  
  14  1:08  Refinery  
  15  1:17  SCV  
  15  1:18  Marine  
  17  1:31  Supply Depot  
  17  1:40  Marine, Refinery  
  17  1:46  SCV  
  19  1:51  Marine  
  20  2:01  Marine  
  20  2:03  SCV  
  22  2:13  Marine  
  23  2:20  SCV  
  23  2:23  Marine  
  25  2:35  Marine  
  25  2:37  SCV  
  27  2:48  Supply Depot  
  27  2:51  Marine  
  27  2:54  SCV  
  29  3:11  Marine  
  29  3:13  Factory  
  29  3:16  SCV  
  31  3:57  Command Center  
  31  4:07  SCV  
  32  4:15  Bunker  
  31  4:54  Bunker  
  31  5:07  Factory Tech Lab  
  31  5:15  SCV  
  32  5:27  Bunker  
  32  5:41  Refinery  
  32  5:47  SCV, Engineering Bay  
  33  5:53  SCV  
  34  6:04  SCV  
  35  7:08  Missile Turret  
  35  7:24  Missile Turret  
  35  7:27  SCV  
  36  7:35  Missile Turret  
  36  7:41  Siege Tank  
  36  7:43  SCV  
  40  7:51  Barracks Reactor  
  40  7:52  Supply Depot  
  40  7:59  SCV  
  41  8:00  SCV  
  41  8:01  Bunker, Siege Tank  
  45  8:11  Refinery  
  45  8:16  SCV  
  45  8:17  SCV  
  47  8:24  Siege Tank  
  47  8:29  Structure Armor  
  50  8:33  SCV  
  50  8:34  SCV  
  50  8:38  Armory  
  52  8:48  Supply Depot  
  52  8:49  Supply Depot  
  52  8:50  SCV  
  52  8:51  SCV  
  54  9:07  SCV  
  54  9:08  SCV  
  56  9:14  Bunker  
  56  9:46  Missile Turret  
  56  10:16  Missile Turret  
  56  10:49  Siege Tank  
  56  10:59  Bunker  
  59  11:05  SCV  
  59  11:09  Siege Tank  
  60  11:17  Advanced Optics  
  63  11:22  SCV  
  63  11:29  Terran Infantry Weapons Level 1, Siege Tank  
  64  11:30  Armory, Missile Turret  
  64  11:32  Marine  
  64  11:33  Marine  
  64  11:39  SCV  
  70  11:43  Marine x2  
  70  11:49  Siege Tank  
  72  11:56  SCV  
  76  12:13  SCV  
  76  13:17  Terran Vehicle and Ship Weapons Level 1  
  76  13:43  Missile Turret  
  76  13:55  Siege Tank, Supply Depot  
  76  13:56  Supply Depot  
  76  13:57  Supply Depot  
  76  13:58  Supply Depot  
  79  14:06  Supply Depot  
  79  14:07  Supply Depot  
  79  14:09  Supply Depot  
  78  14:10  Missile Turret  
  78  14:12  Terran Vehicle And Ship Armor Level 1  
  78  14:14  Terran Infantry Weapons Level 2  
  78  14:15  Supply Depot  
  78  14:16  Siege Tank, Supply Depot  
  78  14:18  Marine x2, Supply Depot  
  81  14:28  Marine  
  81  14:29  Marine  
  83  14:36  Siege Tank  
  83  14:38  Bunker  
  88  14:44  SCV  
  89  14:54  Marine x2  
  89  14:56  Siege Tank  
  94  15:01  SCV  
  94  15:04  Marine  
  94  15:05  Marine  
  91  15:16  Siege Tank  
  91  15:18  SCV  
  87  15:35  SCV  
  87  15:36  Siege Tank  
  88  15:52  SCV  
  88  15:57  Siege Tank  
  92  16:17  Siege Tank  
  95  16:35  Bunker  
  95  16:36  Missile Turret  
  88  16:40  SCV  
  79  16:51  Missile Turret  
  79  16:57  SCV  
  76  17:03  Siege Tank  
  76  17:04  Missile Turret  
  79  17:12  Marine x2  
  79  17:14  SCV  
  82  17:20  Missile Turret  
  82  17:22  Marine x2  
  82  17:24  Siege Tank  
  86  17:30  SCV  
  86  17:32  Marine x2  
  88  17:42  Marine x2  
  88  17:44  Siege Tank  
  88  17:47  SCV  
  94  18:04  Siege Tank  
  97  18:14  Bunker  
  97  18:24  Siege Tank  
  99  18:47  Bunker  
  99  19:35  Marine x2  
  101  19:42  Terran Vehicle and Ship Weapons Level 2  
  101  19:44  Terran Vehicle And Ship Armor Level 2  
  101  19:45  Marine x2  
  101  19:46  Terran Infantry Weapons Level 3, Siege Tank  
  106  20:06  Siege Tank  
  109  20:26  Siege Tank  
  112  20:42  Supply Depot  
  112  20:43  Supply Depot  
  112  20:46  Siege Tank, Supply Depot  
  115  20:52  Supply Depot  
  115  20:58  SCV  
  116  21:02  SCV  
  116  21:06  Siege Tank  
  120  21:15  SCV  
  120  21:19  SCV  
  122  21:27  Siege Tank  
  125  21:36  SCV  
  126  21:47  Siege Tank  
  126  21:52  SCV  
  130  22:07  Siege Tank  
  130  22:09  SCV  
  134  22:27  Siege Tank  
  131  22:47  Siege Tank  
  134  23:08  Siege Tank  
  137  23:23  Marine x2  
  137  23:28  Siege Tank  
  139  23:33  Marine x2  
  139  23:39  Supply Depot  
  144  23:42  Supply Depot  
  144  23:43  Marine x2  
  144  23:44  Supply Depot  
  144  23:46  Supply Depot  
  144  23:48  Siege Tank  
  146  23:53  Marine x2  
  151  24:03  Marine  
  151  24:04  Marine  
  151  24:08  Siege Tank  
  153  24:14  Marine x2  
  158  24:24  Marine x2  
Tags
 
Commander
RaynorStukov
Matchup
Co-op
Replay Pack
Multiplayer
Add a new tag
Caveats
  • Supply blocks, unpowered buildings, or Contaminate may cause inaccurate times.
  • Supply counts are checked every 10 seconds.